 Dungeon Crawl Stone Soup version 0.22.1 (webtiles) character file.

124 MalarOregon the Firebug (level 5, 0/42 HPs)
             Began as a Hill Orc Fire Elementalist on Sept 19, 2018.
             Succumbed to a kobold's poison
             ... on level 3 of the Dungeon.
             The game lasted 00:07:12 (2241 turns).

MalarOregon the Firebug (HOFE)                      Turns: 2241, Time: 00:07:13

Health: 0/42       AC:  3    Str: 11    XL:     5   Next: 8%
Magic:  2/8        EV: 12    Int: 16    God:
Gold:   97         SH:  0    Dex: 11    Spells: 5/8 levels left

rFire    . . .     SeeInvis .   j - +0 dagger
rCold    . . .     Gourm    .   (no shield)
rNeg     . . .     Faith    .   a - +0 robe
rPois    .         Spirit   .   n - +0 helmet
rElec    .         Reflect  .   (no cloak)
rCorr    .         Harm     .   (no gloves)
MR       .....                  (no boots)
Stlth    ++........             (no amulet)
HPRegen  0.14/turn              (no ring)
MPRegen  0.11/turn              (no ring)

@: lethally poisoned (0 -> -13), berserk cooldown, slowed, very slow
A: no striking features
a: no special abilities


You were on level 3 of the Dungeon.
You were not hungry.

You visited 1 branch of the dungeon, and saw 3 of its levels.

You collected 97 gold pieces.

Inventory:

Hand Weapons
 j - a +0 dagger (weapon)
   (You took it off a goblin on level 1 of the Dungeon)
Armour
 a - a +0 robe (worn)
 n - a +0 helmet (worn)
   (You found it on level 2 of the Dungeon)
Jewellery
 r - an uncursed amulet of faith {unknown}
   (You found it on level 3 of the Dungeon)
Scrolls
 c - a scroll of magic mapping {unknown}
 f - 2 scrolls of enchant armour {unknown}
 g - 2 scrolls of enchant weapon {unknown}
 h - 3 scrolls of remove curse {unknown}
 i - a scroll of fear {unknown}
 l - 5 scrolls of identify {unknown}
 m - 2 scrolls of blinking {unknown}
 p - a scroll of immolation {unknown}
 t - a scroll of random uselessness {unknown}
Potions
 d - a potion of resistance {unknown}
 o - a potion of haste {unknown}
 q - a potion of flight {unknown}
 s - a potion of brilliance {unknown}
Comestibles
 b - 4 chunks of flesh
 e - 4 rations {!d}


   Skills:
 + Level 2.4 Fighting
 - Level 1.5 Dodging
 - Level 1.5 Stealth
 + Level 2.3 Spellcasting
 + Level 2.3 Conjurations
 + Level 4.2 Fire Magic


You had 5 spell levels left.
You knew the following spells:

 Your Spells              Type           Power        Failure   Level  Hunger
a - Flame Tongue          Conj/Fire      ##...        5%          1    #......
x - Throw Flame           Conj/Fire      ##....       8%          2    ###....

Your spell library contained the following spells:

 Spells                   Type           Power        Failure   Level  Hunger
 Conjure Flame            Conj/Fire      ##......     16%         3    ###....
 Pain                     Necr           #...         21%         1    #......
 Inner Flame              Hex/Fire       #.......     26%         3    ###....
 Sticky Flame             Conj/Fire      ##......     45%         4    #####..
 Fireball                 Conj/Fire      ##........   82%         5    ######.


Dungeon Overview and Level Annotations

Branches:
Dungeon (3/15)

Altars:
Kikubaaqudgha
Sif Muna
Vehumet


Message History

You see here a poisoned needle.
* * * LOW HITPOINT WARNING * * *
You feel sick.
* * * LOW HITPOINT WARNING * * *
You feel sick.
* * * LOW HITPOINT WARNING * * *
You feel sick.
The kobold shoots a poisoned needle.
The poisoned needle completely misses you.
* * * LOW HITPOINT WARNING * * *
You feel sick.
The kobold shoots a poisoned needle.
The poisoned needle hits you!
You are more poisoned.
You see here a poisoned needle.
* * * LOW HITPOINT WARNING * * *
You feel sick.
Your magical contamination has completely faded away.
* * * LOW HITPOINT WARNING * * *
You feel sick.
* * * LOW HITPOINT WARNING * * *
You feel sick.
* * * LOW HITPOINT WARNING * * *
You feel sick.
It was a potion of berserk rage.
A red film seems to cover your vision as you go berserk!
You feel yourself moving faster!
You feel mighty!
* * * LOW HITPOINT WARNING * * *
You feel sick.
You are too berserk!
You feel a strong urge to attack something.
* * * LOW HITPOINT WARNING * * *
You feel sick.
The kobold shoots a poisoned needle.
The poisoned needle barely misses you.
* * * LOW HITPOINT WARNING * * *
You feel sick.
You feel your anger nearly subside.
* * * LOW HITPOINT WARNING * * *
You feel sick.
The kobold unwields an uncursed blowgun.
The kobold wields an uncursed club.
The kobold hits you but does no damage.
You hit the kobold.
You kill the kobold!
* * * LOW HITPOINT WARNING * * *
You feel sick.
* * * LOW HITPOINT WARNING * * *
You feel sick.
You feel a strong urge to attack something.
You are no longer berserk.
You are exhausted.
You feel yourself slow down.
You die...

...# ######### ...#
##...(...## ...#
##.........## ...
#...#####@.(#
..######..##.[.##).#
..........#.)$..#..#
..........#.[...#..#
......###.#..S.)#..#
.....## ###'.Kw##(##
.....# #'#.##
.....## #(.##
......#### ##(#


There were no monsters in sight!

Vanquished Creatures
  A gnoll shaman (D:2)
  Natasha (D:3)
  2 adders
  A worm (D:2)
  2 dart slugs
  An orc (D:3)
  10 bats
  3 giant cockroaches
  8 goblins
  4 hobgoblins
  3 jackals (D:3)
  A quokka (D:3)
  3 frilled lizards (D:3)
  8 kobolds
  A leopard gecko zombie (D:2)
  2 rats
51 creatures vanquished.

Notes
Turn   | Place    | Note
-------+----------+-------------------------------------------
     0 | D:1      | MalarOregon the Hill Orc Fire Elementalist began the quest
                  | for the Orb.
     0 | D:1      | Reached XP level 1. HP: 14/14 MP: 3/3
   159 | D:1      | Reached XP level 2. HP: 21/22 MP: 0/4
   198 | D:1      | Learned a level 2 spell: Throw Flame
   285 | D:1      | Reached skill level 1 in Fighting
   817 | D:2      | Reached XP level 3. HP: 28/28 MP: 1/5
  1340 | D:2      | Found an ancient bone altar of Kikubaaqudgha.
  1340 | D:2      | Found a deep blue altar of Sif Muna.
  1342 | D:2      | Found a radiant altar of Vehumet.
  1344 | D:2      | Identified Kikubaaqudgha's Handbook of Unholy Secrets
  1759 | D:3      | Reached XP level 4. HP: 34/36 MP: 3/7
  1818 | D:3      | Reached skill level 4 in Fire Magic
  2168 | D:3      | Noticed Natasha
  2175 | D:3      | Killed Natasha
  2175 | D:3      | Reached XP level 5. HP: 27/42 MP: 1/8
  2238 | D:3      | HP: 3/63 [poisoned by a kobold]
  2240 | D:3      | HP: 1/63 [poisoned by a kobold]
  2241 | D:3      | Succumbed to a kobold's poison

Skill      XL: |  1  2  3  4 |
---------------+-------------+-----
Fighting       | 1 2 |  2.4
Spellcasting   | 2 |  2.3
Conjurations   | 2 |  2.3
Fire Magic     | 4 |  4.2
Dodging        | |  1.5
Stealth        | |  1.5

Action                   |  1- 3 |  4- 6 || total
-------------------------+-------+-------++-------
Melee: Unarmed           |     8 |       ||     8
       Dagger            |    28 |    18 ||    46
 Cast: Flame Tongue      |    60 |    33 ||    93
  Use: Potion            |       |     1 ||     1
  Eat: Chunk             |     4 |     2 ||     6
Armor: Robe              |    15 |     7 ||    22
Dodge: Dodged            |    39 |    25 ||    64
